AoeStats
← panchoqlo16

Arena

510418996Analyzed
4v4 RM · 2d ago on Sep 30, 2026· 27m 13s· 8 players
Game mode
Random Map
Map size
Large (8 player)
Population
200
Speed
Normal
Resources
Standard
Victory
Conquest
Starting age
Dark Age
Ending age
Imperial Age
RankedLock teamsTeams togetherTeam positionsShared explorationLock speedFull tech treeHidden civsTurbo modeCheats
Victory
Defeat
🇦🇷 Muisca · Argentina
1207
+15
🇦🇷 Celts · Argentina
1153
+17
🇦🇷 Vikings · Argentina
1130
+18
🇦🇷 Goths · Argentina
1097
+19
🇨🇱 Koreans · Chile
1256
-21
🇨🇱 Italians · Chile
1229
-19
🇨🇱 Khmer · Chile
1212
-19
🇨🇱 Byzantines · Chile
984
-21
Perón
10:40 Feudal Age
14:42 Castle Age
12:44 Double-Bit Axe
13:24 Gold Mining
17:49 Loom
25:49 Horse Collar
26:21 Bow Saw
chifi
10:38 Feudal Age
12:24 Man-at-Arms
14:50 Wheelbarrow
14:40 Double-Bit Axe
20:17 Castle Age
18:31 Scale Mail Armor
21:02 Long Swordsman
24:21 Forging
24:26 Chain Mail Armor
24:39 Pikeman
27:33 Iron Casting
Capiango2.0
12:29 Feudal Age
16:51 Castle Age
15:08 Double-Bit Axe
15:04 Horse Collar
15:54 Scale Mail Armor
17:34 Squires
17:50 Chain Mail Armor
17:47 Bow Saw
17:48 Heavy Plow
ELDIOSCHICHOLIN
0:26 Loom
10:36 Feudal Age
11:26 Double-Bit Axe
16:12 Castle Age
14:59 Horse Collar
17:38 Gold Mining
panchoqlo16
10:11 Feudal Age
8:49 Loom
11:32 Double-Bit Axe
14:25 Gold Mining
15:27 Stone Mining
17:53 Man-at-Arms
19:37 Scale Mail Armor
25:43 Castle Age
25:42 Forging
PumAge | carlomagno
10:36 Feudal Age
14:14 Castle Age
12:16 Double-Bit Axe
15:13 Bow Saw
20:22 Loom
24:10 Fletching
PumAge | kibghostt
10:10 Feudal Age
14:44 Castle Age
12:46 Horse Collar
15:11 Double-Bit Axe
PumAge | Mr.9988
11:51 Feudal Age
14:54 Castle Age
12:42 Double-Bit Axe
12:41 Horse Collar
14:10 Stone Mining
23:20 Husbandry
25:21 Scale Barding Armor
25:34 Bloodlines
26:03 Forging
Connection lost

Rejoining the realm…

Still unreachable

The connection could not be restored.

Session expired

The server has moved on; the page needs a fresh start.